 Dungeon Crawl Stone Soup version 0.27-a0-1595-g0b823d0a13 (webtiles) character file.

Game seed: 9566914491282087463

147 Rallik the Digger (level 5, -2/37 HPs)
             Began as a Gnoll Earth Elementalist on July 20, 2021.
             Slain by a hornet zombie (10 damage)
             ... on level 4 of the Dungeon.
             The game lasted 00:05:46 (3117 turns).

Rallik the Digger (Gnoll Earth Elementalist)        Turns: 3117, Time: 00:05:47

Health: -2/37      AC:  2    Str: 13    XL:     5   Next: 29%
Magic:  6/12       EV: 13    Int: 16    God:
Gold:   46         SH:  0    Dex: 12    Spells: 10/14 levels left

rFire    . . .     SeeInvis .   q - +0 club
rCold    . . .     Faith    .   (no shield)
rNeg     . . .     Spirit   .   b - +0 robe
rPois    .         Reflect  .   (no helmet)
rElec    .         Harm     .   (no cloak)
rCorr    .         Rampage  .   (no gloves)
Will     .....                  (no boots)
Stlth    +++.......             (no amulet)
HPRegen  0.12/turn              n - +6 ring of strength
MPRegen  0.13/turn              d - ring of wizardry

@: no status effects
A: fangs 1, strong nose, distributed training
a: no special abilities


You were on level 4 of the Dungeon.
You visited 1 branch of the dungeon, and saw 4 of its levels.

You collected 133 gold pieces.
You spent 87 gold pieces at shops.

Inventory:

Hand Weapons
 q - a +0 club (weapon)
Missiles
 c - 60 stones
 j - 25 poisoned darts
Armour
 b - a +0 robe (worn)
Jewellery
 a - a ring of protection from fire
 d - a ring of wizardry (right hand)
 m - a ring of ice
 n - a +6 ring of strength (left hand)
Scrolls
 e - 2 scrolls of magic mapping {unknown}
 f - a scroll of fog {unknown}
 g - 8 scrolls of identify {unknown}
 k - a scroll of teleportation {unknown}
 r - a scroll of enchant weapon {unknown}
 s - a scroll of enchant armour {unknown}
 u - a scroll of holy word {unknown}
Potions
 h - 2 potions of brilliance {unknown}
 i - a potion of berserk rage {unknown}
 l - a potion of lignification {unknown}
 o - 2 potions of cancellation {unknown}
 p - 4 potions of curing {unknown}
 t - a potion of heal wounds {unknown}


   Skills:
 + Level 1.4 Fighting
 + Level 1.4 Short Blades
 + Level 1.4 Long Blades
 + Level 1.4 Axes
 + Level 1.4 Maces & Flails
 + Level 1.4 Polearms
 + Level 1.4 Staves
 + Level 1.4 Slings
 + Level 1.4 Bows
 + Level 1.4 Crossbows
 + Level 1.4 Throwing
 + Level 1.4 Armour
 + Level 4.7 Dodging
 + Level 4.4 Stealth
 + Level 1.4 Shields
 + Level 1.4 Unarmed Combat
 + Level 5.2 Spellcasting
 + Level 1.1 Conjurations
 + Level 1.1 Hexes
 + Level 1.1 Summonings
 + Level 1.1 Necromancy
 + Level 1.1 Translocations
 + Level 2.3 Transmutations
 + Level 1.1 Fire Magic
 + Level 1.1 Ice Magic
 + Level 1.1 Air Magic
 + Level 5.5 Earth Magic
 + Level 1.1 Poison Magic
 + Level 1.6 Invocations
 + Level 1.4 Evocations


You had 10 spell levels left.
You knew the following spells:

 Your Spells              Type           Power      Damage    Failure   Level
a - Sandblast             Erth           42%        2d11      1%          1
b - Stone Arrow           Conj/Erth      28%        3d8       4%          3

Your spell library contained the following spells:

 Spells                   Type           Power      Damage    Failure   Level
 Passwall                 Tmut/Erth      13%        N/A       1%          2
 Magic Dart               Conj           28%        1d4       4%          1
 Static Discharge         Conj/Air       7%         N/A       6%          2
 Petrify                  Tmut/Erth      16%        N/A       12%         4
 Lee's Rapid Deconstruct  Erth           10%        3d9*      16%         5
 Fireball                 Conj/Fire      3%         3d4       67%         5


Dungeon Overview and Level Annotations

Branches:
Dungeon (4/15)
 Temple: D:4-7

Altars:
Makhleb
Wu Jian

Shops:
D:3 *[

Annotations:
D:4 exclusion: 2 lemures


Innate Abilities, Weirdness & Mutations

You have very sharp teeth.
Your uncanny sense of smell can sniff out nearby items.
Your experience applies equally to all skills.


Message History

The hound is heavily wounded.
The hound bites you.
The blast of sand hits the hound!
You kill the hound!
A lemure comes into view.
Unknown command.
Found 21 stones.
c - 64 stones (gained 21)
A hornet zombie comes into view.
You can't see any susceptible monsters within range! (Use Z to cast anyway.)
The blast of sand hits the hornet zombie!
The hornet zombie is moderately damaged.
The hornet zombie hits you.
Casting: Sandblast (safe; 1% risk of failure)
Confirm with . or Enter, or press ? or * to list all spells.
Aiming: Stone Arrow (dangerous; 4% risk of failure)
Press: ? - help, Shift-Dir - straight line, f/p - hornet zombie
Aim: a hornet zombie (moderately damaged, 72% to hit)
The stone arrow hits the hornet zombie!
The hornet zombie is heavily damaged.
The hornet zombie hits you!
The blast of sand hits the hornet zombie but does no damage.
The hornet zombie is heavily damaged.
The hornet zombie barely misses you.
The blast of sand hits the hornet zombie.
The hornet zombie is heavily damaged.
The hornet zombie hits you! The hornet zombie hits you.
You are too injured to fight recklessly!
You are too injured to fight recklessly!
Casting: Sandblast (safe; 1% risk of failure)
Confirm with . or Enter, or press ? or * to list all spells.
Aiming: Sandblast (safe; 1% risk of failure)
Press: ? - help, Shift-Dir - straight line, f/p - hornet zombie
Aim: a hornet zombie (heavily damaged, 83% to hit)
The blast of sand hits the hornet zombie!
The hornet zombie is severely damaged.
The hornet zombie hits you.
* * * LOW HITPOINT WARNING * * *
The hornet zombie hits you!
You die...

#.... ............ .....
............ # #...#
...####.#.## # #. #...# ..
##'#.## #.#.##... #....## #..
........# ####....## +..
........# #........#
....##.##.Z# ∆ #####..... #..
#.##.@# #.# #.#.#.
##..##.##..# #.# #.#...
##..........# #.###.#...
............# #.........
##..##.##..# #####+#... .5
#..##.##..###+###. #.....# ..
#..##.#.....#..#.# #.....#
.####..##.#..#..#..#.###.....#
...............#............'


You could see a hornet zombie.

Vanquished Creatures
  2 hounds (D:4)
  3 adders
  2 dart slugs
  An orc (D:3)
  4 endoplasms
  2 giant cockroaches
  5 hobgoblins
  5 jackals
  2 quokkas
  7 ball pythons
  5 bats
  6 frilled lizards
  5 goblins
  4 kobolds
  4 rats
57 creatures vanquished.

Notes
Turn   | Place    | Note
-------+----------+-------------------------------------------
     0 | D:1      | Rallik the Gnoll Earth Elementalist began the quest for the
                  | Orb.
     0 | D:1      | Reached XP level 1. HP: 13/13 MP: 6/6
   142 | D:1      | Reached XP level 2. HP: 19/19 MP: 3/7
   148 | D:1      | Found a faded altar of an unknown god.
   501 | D:1      | Got the Guide on Conjuration
   868 | D:2      | Reached XP level 3. HP: 25/25 MP: 6/9
   979 | D:2      | Reached skill level 5 in Spellcasting
  1291 | D:2      | Reached skill level 1 in Invocations
  1656 | D:3      | Found Wyjeih Ykoly's Antique Armour Shop.
  1700 | D:3      | Found a burning altar of Makhleb.
  1814 | D:3      | Reached skill level 1 in Fighting
  1814 | D:3      | Reached skill level 1 in Short Blades
  1814 | D:3      | Reached skill level 1 in Long Blades
  1814 | D:3      | Reached skill level 1 in Axes
  1814 | D:3      | Reached skill level 1 in Maces & Flails
  1814 | D:3      | Reached skill level 1 in Polearms
  1814 | D:3      | Reached skill level 1 in Staves
  1814 | D:3      | Reached skill level 1 in Slings
  1814 | D:3      | Reached skill level 1 in Bows
  1814 | D:3      | Reached skill level 1 in Crossbows
  1814 | D:3      | Reached skill level 1 in Throwing
  1814 | D:3      | Reached skill level 1 in Armour
  1814 | D:3      | Reached skill level 1 in Shields
  1814 | D:3      | Reached skill level 1 in Unarmed Combat
  1814 | D:3      | Reached skill level 1 in Evocations
  1912 | D:3      | You fall into a shaft and drop 1 floor!
  1912 | D:4      | Noticed a lemure
  1919 | D:4      | Reached XP level 4. HP: 32/32 MP: 11/11
  2088 | D:3      | Reached skill level 1 in Conjurations
  2088 | D:3      | Reached skill level 1 in Hexes
  2088 | D:3      | Reached skill level 1 in Summonings
  2088 | D:3      | Reached skill level 1 in Necromancy
  2088 | D:3      | Reached skill level 1 in Translocations
  2088 | D:3      | Reached skill level 1 in Fire Magic
  2088 | D:3      | Reached skill level 1 in Ice Magic
  2088 | D:3      | Reached skill level 1 in Air Magic
  2088 | D:3      | Reached skill level 1 in Poison Magic
  2101 | D:3      | Found an ornate altar of the Wu Jian Council.
  2210 | D:3      | Found Nidweb's Assorted Antiques.
  2217 | D:3      | Bought a scroll labelled CADEH GU NAFO for 29 gold pieces
  2217 | D:3      | Bought a scroll labelled MONUQUAHUN for 29 gold pieces
  2217 | D:3      | Bought a scroll labelled OGA JAUTZO for 29 gold pieces
  2722 | D:4      | Learned a level 3 spell: Stone Arrow
  2725 | D:4      | Reached XP level 5. HP: 33/37 MP: 8/12
  3091 | D:4      | Noticed a lemure
  3117 | D:4      | Slain by a hornet zombie

Illustrated notes

Levels and vault maps discovered:
D:1:      dpeg_arrival_simpleton_b, layout_rooms,
          hellmonk_ecumenical_altar_dog_temple, minmay_pentomino_u2
D:2:      layout_basic
D:3:      layout_basic, mainiacjoe_overflow_alcove_4,
          mainiacjoe_overflow_six_doors_small, serial_shops, shop,
          nicolae_shop_trees
D:4:      layout_basic, nicolae_hepliaklqana_monster_ancestors,
          grunt_ministairs_3, uniq_pikel

Skill      XL: |  1  2  3  4 |
---------------+-------------+-----
Transmutations | 2 |  2.3
Spellcasting   | 5 |  5.2
Invocations    | 1 |  1.6
Fighting       | 1 |  1.4
Short Blades   | 1 |  1.4
Long Blades    | 1 |  1.4
Axes           | 1 |  1.4
Maces & Flails | 1 |  1.4
Polearms       | 1 |  1.4
Staves         | 1 |  1.4
Slings         | 1 |  1.4
Bows           | 1 |  1.4
Crossbows      | 1 |  1.4
Throwing       | 1 |  1.4
Armour         | 1 |  1.4
Shields        | 1 |  1.4
Unarmed Combat | 1 |  1.4
Evocations     | 1 |  1.4
Conjurations   | 1 |  1.1
Hexes          | 1 |  1.1
Summonings     | 1 |  1.1
Necromancy     | 1 |  1.1
Translocations | 1 |  1.1
Fire Magic     | 1 |  1.1
Ice Magic      | 1 |  1.1
Air Magic      | 1 |  1.1
Poison Magic   | 1 |  1.1
Dodging        | |  4.7
Stealth        | |  4.4
Earth Magic    | |  5.5

Action                   |  1- 3 |  4- 6 || total
-------------------------+-------+-------++-------
Melee: Dagger            |    25 |       ||    25
       Bite              |     5 |     1 ||     6
       Club              |    19 |    17 ||    36
Throw: Dart              |    19 |       ||    19
 Cast: Sandblast         |    39 |    20 ||    59
       Stone Arrow       |       |     1 ||     1
 Stab: Sleeping          |     1 |     1 ||     2
Armor: Robe              |     6 |     1 ||     7
Dodge: Dodged            |    34 |    15 ||    49

Table legend: (Time is in decaauts)
 A = Elapsed time spent in this place.
 B = Non-inter-level travel time spent in this place.
 C = Inter-level travel time spent in this place.
 D = Time resting spent in this place.
 E = Time spent auto-exploring this place.
 F = Levels seen in this place.
 G = Mean time per level.
                   A        B        C        D        E       F      G
               +--------+--------+--------+--------+--------+-----+--------+
         Total |   3122 |   3066 |     56 |      0 |   2554 |   4 |  780.5 |
       Dungeon |   3122 |   3066 |     56 |      0 |   2554 |   4 |  780.5 |
               +--------+--------+--------+--------+--------+-----+--------+

Top non-repeatable levels by time:
     D:2: 843 daAuts
     D:3: 813 daAuts
     D:1: 790 daAuts
     D:4: 675 daAuts
